 Dungeon Crawl Stone Soup version 0.30-a0-802-gb92711bcdf (webtiles) character file.

Game seed: 704520059634173491

519 Strat the Cleaver (level 7, -14/56 (58) HPs)
             Began as a Hill Orc Reaver on Feb 24, 2023.
             Demolished by a wight
             ... wielding a +4 great sword
              (19 damage)
             ... on level 4 of the Dungeon.
             The game lasted 00:06:47 (3596 turns).

Strat the Cleaver (Hill Orc Reaver)                 Turns: 3596, Time: 00:06:47

HP:   -14/56 (58)   AC:  4    Str: 17    XL:     7   Next: 21%
MP:   7/9           EV: 11    Int: 13    God:
Gold: 222           SH:  0    Dex:  9    Spells: 6/9 levels left

rFire   . . .      SeeInvis .    a - +0 hand axe
rCold   . . .      Faith    .    (no shield)
rNeg    . . .      Spirit   .    b - +0 leather armour
rPois   .          Reflect  .    (no helmet)
rElec   .          Harm     .    o - +0 cloak
rCorr   .          Rampage  .    (no gloves)
Will    .....                    (no boots)
Stlth   +                        (no amulet)
HPRegen 0.29/turn                (no ring)
MPRegen 0.11/turn                (no ring)

@: lightly drained
A: no striking features
a: no special abilities


You were on level 4 of the Dungeon.
You visited 1 branch of the dungeon, and saw 4 of its levels.

You collected 222 gold pieces.

Inventory:

Hand Weapons
 a - a +0 hand axe (weapon)
Missiles
 m - 3 datura-tipped darts
 n - 5 poisoned darts
Armour
 b - a +0 leather armour (worn)
 f - a +0 kite shield
 h - a +0 buckler
 o - a +0 cloak (worn)
Jewellery
 x - a ring of positive energy
Wands
 r - a wand of iceblast (12)
 s - a wand of digging (3)
Scrolls
 c - a scroll of enchant armour {unknown}
 d - a scroll of poison {unknown}
 e - a scroll of fear {unknown}
 g - 11 scrolls of identify {unknown}
 l - a scroll of noise {unknown}
 p - a scroll of brand weapon {unknown}
 t - a scroll of vulnerability {unknown}
 u - a scroll of teleportation {unknown}
 v - 2 scrolls of magic mapping {unknown}
Potions
 i - a potion of ambrosia {unknown}
 j - a potion of haste {unknown}
 k - 2 potions of magic {unknown}
 q - a potion of degeneration {unknown}
 w - a potion of lignification {unknown}


   Skills:
 + Level 3.7 Fighting
 + Level 8.6 Axes
 + Level 2.3 Armour
 - Level 1.5 Dodging
 - Level 1.5 Spellcasting
 - Level 4.0 Conjurations
 - Level 1.0 Translocations


You had 6 spell levels left.
You knew the following spells:

 Your Spells              Type           Power      Damage    Failure   Level
a - Kiss of Death         Conj/Necr      24%        2d7       14%         1
b - Momentum Strike       Conj/Tloc      14%        3d8       17%         2

Your spell library contained the following spells:

 Spells                   Type           Power      Damage    Failure   Level
 Hailstorm                Conj/Ice       6%         3d4       38%         3
 Ozocubu's Armour         Ice            1%         N/A       67%         3
 Ozocubu's Refrigeration  Ice            0%         4d7       100%        7


Dungeon Overview and Level Annotations

Branches:
Dungeon (4/15)
 Temple: D:4-7

Altars:

Annotations:
D:3 2 transporters, Sigmund


Message History

You hit the dart slug.
You kill the dart slug!
No target in view!
Found a dagger.
You see here a +0 dagger.
v - 2 scrolls labelled QEXURO KYANELO (gained 1)
x - a ring of positive energy
There is a stone staircase leading up, spattered with blood here.
A wight comes into view. It is wielding a +4 great sword.
There is a stone staircase leading up, spattered with blood here.
The wight hits you with a +4 great sword!
You barely miss the wight. You punch the wight, but do no damage.
The wight closely misses you.
You hit the wight.
The wight is moderately damaged.
The wight barely misses you.
You hit the wight.
The wight is severely damaged.
The wight hits you with a +4 great sword!
* * * LOW HITPOINT WARNING * * *
You are too injured to fight recklessly!
You closely miss the wight.
The wight is severely damaged.
You hit the wight.
The wight is severely damaged.
The wight hits you with a +4 great sword!
* * * LOW HITPOINT WARNING * * *
You hit the wight but do no damage.
The wight is severely damaged.
The wight hits you with a +4 great sword!
* * * LOW HITPOINT WARNING * * *
You feel drained.
Casting: Momentum Strike (safe; 17% risk of failure)
Confirm with . or Enter, or press ? or * to list all spells.
Aiming: Momentum Strike (safe; 17% risk of failure)
Press: ? - help, Dir - move target, f - wight
Aim: a wight, wielding a +4 great sword and wearing a +0 robe (severely damaged, 68% to hit)
The concentrated momentum misses the wight.
The wight hits you with a +4 great sword!!
You die...

.^........................#.#
####........(...##..........#
#..........#..####z.........#
..##.......#...###..........#
.###.........#.##..####.##..#
## ##......###.....# #.# ..#
# #..#..## #####.# ##.# ..# #
###.....## ####z.# #..# .#
###........###..@.####.##
.........#..##.#### #..#
...##.#####.##.# ##.##
.......# ##....### #..#
.......###.......# #.##
...........#####.###.#####
.......##### #..........#
.......# #..........#
.......# #..........#


You could see a wight.

Vanquished Creatures
  2 phantoms (D:4)
  A scorpion (D:4)
  4 wights
  4 adders
  5 dart slugs
  6 orcs
  4 endoplasms
  4 giant cockroaches
  7 hobgoblins
  4 jackals (D:3)
  4 quokkas (D:1)
  2 ball pythons
  11 bats
  4 frilled lizards
  3 goblins (D:1)
  7 kobolds
  5 rats
77 creatures vanquished.

Notes
Turn   | Place    | Note
-------+----------+-------------------------------------------
     0 | D:1      | Strat the Hill Orc Reaver began the quest for the Orb.
     0 | D:1      | Reached XP level 1. HP: 18/18 MP: 3/3
   215 | D:1      | Reached XP level 2. HP: 24/25 MP: 4/4
   218 | D:1      | Learned a level 2 spell: Momentum Strike
   326 | D:1      | Reached skill level 5 in Axes
   587 | D:1      | Reached XP level 3. HP: 30/30 MP: 5/5
  1008 | D:2      | Reached skill level 6 in Axes
  1208 | D:2      | Found a faded altar of an unknown god.
  1451 | D:2      | Reached XP level 4. HP: 37/37 MP: 6/6
  1878 | D:3      | Found a transporter.
  1883 | D:3      | Noticed Sigmund
  1934 | D:3      | Found a transporter.
  1974 | D:2      | Reached skill level 1 in Translocations
  2474 | D:4      | Noticed a phantom
  2597 | D:4      | Noticed a scorpion
  2601 | D:4      | Killed a scorpion
  2602 | D:4      | Reached XP level 5. HP: 33/42 MP: 4/7
  2700 | D:4      | Reached skill level 7 in Axes
  2761 | D:4      | Killed a phantom
  2762 | D:4      | Reached skill level 8 in Axes
  2762 | D:4      | Reached XP level 6. HP: 33/50 MP: 3/8
  2849 | D:4      | Reached skill level 1 in Armour
  3053 | D:3      | HP: 1/48 [wight/+0 falchion (6)]
  3057 | D:3      | Reached XP level 7. HP: 3/56 MP: 6/9
  3596 | D:4      | Demolished by a wight

Illustrated notes

Levels and vault maps discovered:
D:1:      psy_arrival_heroes, layout_loops_ring, minmay_close_crescents
D:2:      layout_rooms, hellmonk_ecumenical_altar_blasted
D:3:      gammafunk_steamed_eel, layout_loops_ring, kennysheep_potato,
          uniq_sigmund
D:4:      layout_rooms

Skill      XL: |  1  2  3  4  5  6  7 |
---------------+----------------------+-----
Axes           | 5 6 8 |  8.6
Translocations | 1 |  1.0
Conjurations   | 4 |  4.0
Armour         | 1 2 |  2.3
Fighting       | 3 |  3.7
Dodging        | |  1.5
Spellcasting   | |  1.5

Action                     |  1- 3 |  4- 6 |  7- 9 || total
---------------------------+-------+-------+-------++-------
  Melee: Hand axe          |   103 |   148 |    21 ||   272
         Punch             |       |       |     1 ||     1
   Cast: Kiss of Death     |       |     1 |       ||     1
         Momentum Strike   |       |     4 |     1 ||     5
 Armour: Leather armour    |    27 |    31 |     5 ||    63
  Dodge: Dodged            |    68 |    85 |    10 ||   163

Table legend: (Time is in decaauts)
 A = Elapsed time spent in this place.
 B = Non-inter-level travel time spent in this place.
 C = Inter-level travel time spent in this place.
 D = Time resting spent in this place.
 E = Time spent auto-exploring this place.
 F = Levels seen in this place.
 G = Mean time per level.
                   A        B        C        D        E       F      G
               +--------+--------+--------+--------+--------+-----+--------+
         Total |   3595 |   3324 |    271 |    625 |   1923 |   4 |  898.8 |
       Dungeon |   3595 |   3324 |    271 |    625 |   1923 |   4 |  898.8 |
               +--------+--------+--------+--------+--------+-----+--------+

Top non-repeatable levels by time:
     D:3: 1147 daAuts
     D:1: 883 daAuts
     D:4: 866 daAuts
     D:2: 698 daAuts
